Blues vs Penguins

Created - Wednesday, March 25, 2015 at 01:48

Goals
1 2 3 OT1 T
Blues 0 1 1 0 2
Penguins 2 0 0 1 3
Shots
1 2 3 OT1 T
Blues 9 10 18 1 38
Penguins 12 8 9 3 32

1st period

1. Penguins , Mikael Granlund 11 (Jarome Iginla, Chris Butler) at 8:47
2. Penguins , Mark Giordano 32 (Nathan MacKinnon, Grant Clitsome) at 13:51 (PP)

Penalties :
Mikael Granlund (Pit) for Tripping (Minor) at 1:29, Zdeno Chara (StL) for Holding (Minor) at 12:27, Zdeno Chara (StL) for Hooking (Minor) at 14:15

2nd period

3. Blues , Hampus Lindholm 6 (Kevan Miller, Tomas Tatar) at 7:53

Penalties :
Zdeno Chara (StL) for Hooking (Minor) at 10:04, Mark Fraser (Pit) for Interference (Minor) at 15:25

3rd period

4. Blues , Rick Nash 33 (Sean Couturier) at 11:53

Penalties :
Mark Giordano (Pit) for Slashing (Minor) at 0:11, Dougie Hamilton (Pit) for Holding (Minor) at 13:15

Overtime #1

5. Penguins , Chris Kelly 3 (Vladimir Tarasenko, Mark Giordano) at 3:50

Penalties :
No Penalty

Goalie Stats

Henrik Lundqvist (StL), 29 saves from 32 shots - (0.906), OTL, 38-18-7, 63:50 minutes
Mike Smith (Pit), 36 saves from 38 shots - (0.947), W, 32-19-9, 63:50 minutes

Players Stats for Blues

Player Name              G  A  P  +/- PIM S  H  SB GA TA FO     MP     PP MP  PK MP  
------------------------------------------------------------------------------------
Anders Lee               0  0  0   1  0   2  0  0  1  0  0/3     6:28   0:00   0:00 
Andrew Desjardins        0  0  0  -1  0   0  1  0  0  0  3/7    16:42   0:00   1:31 
Artem Anisimov           0  0  0   0  0   4  1  0  3  1  0/0    18:10   3:42   0:45 
Brandon Saad             0  0  0   0  0   0  0  0  1  1  1/2    17:25   3:42   0:00 
Bryan Allen              0  0  0  -1  0   4  0  5  0  5  0/0    24:42   3:18   2:12 
Cam Atkinson             0  0  0  -2  0   1  0  0  0  0  0/0    14:30   0:00   0:00 
Hampus Lindholm          1  0  1   1  0   3  0  1  0  0  0/0    14:28   0:00   2:19 
Joe Vitale               0  0  0   1  0   1  1  0  0  0  1/1     6:28   0:00   0:00 
Johan Franzen            0  0  0   0  0   5  2  1  6  0  6/13   20:13   3:42   1:29 
Josh Gorges              0  0  0   0  0   1  3  4  0  1  0/0    22:54   4:38   3:10 
Kevan Miller             0  1  1   1  0   3  0  0  0  0  0/0    12:01   0:00   0:00 
Mark Fayne               0  0  0  -1  0   3  2  2  0  5  0/0    24:42   3:18   2:12 
Matt Donovan             0  0  0   0  0   0  0  0  0  0  0/0     5:16   0:00   0:51 
Rick Nash                1  0  1   1  0   5  1  0  3  0  0/1    18:43   4:14   1:29 
Sean Couturier           0  1  1   1  0   0  2  0  1  2  11/22  25:39   4:02   2:22 
Steve Ott                0  0  0   1  0   2  5  3  0  0  0/1    21:54   4:14   3:08 
Tomas Tatar              0  1  1  -1  0   1  1  1  6  0  0/0    15:46   0:12   0:00 
Zdeno Chara              0  0  0   0  6   3  1  3  0  1  0/0    23:54   4:38   0:00 

Players Stats for Penguins

Player Name              G  A  P  +/- PIM S  H  SB GA TA FO     MP     PP MP  PK MP  
------------------------------------------------------------------------------------
Anton Volchenkov         0  0  0   1  0   4  0  3  0  3  0/0    22:00   0:00   4:36 
Chris Butler             0  1  1   1  0   3  0  1  0  1  0/0    22:56   2:05   4:36 
Chris Kelly              1  0  1  -1  0   1  0  0  1  1  0/0    13:10   0:00   1:38 
Chris Stewart            0  0  0   0  0   0  2  0  1  0  0/1    13:19   0:00   0:00 
David Legwand            0  0  0   0  0   1  0  0  2  0  8/12   16:12   2:47   0:00 
Dougie Hamilton          0  0  0  -1  2   1  1  0  0  3  0/0    20:33   0:00   2:16 
Grant Clitsome           0  1  1  -1  0   3  0  1  1  1  0/0    21:55   3:17   0:00 
Jarome Iginla            0  1  1   1  0   1  2  0  3  0  2/3    23:17   2:35   6:18 
Luke Glendening          0  0  0   0  0   1  0  0  0  0  0/0    10:01   0:00   0:00 
Marcus Foligno           0  0  0   0  0   0  1  1  1  0  0/0    10:01   0:00   0:00 
Mark Fraser              0  0  0   0  2   0  2  2  1  0  0/0    15:30   0:00   2:10 
Mark Giordano            1  1  2   0  2   6  1  6  2  2  0/0    26:21   5:22   2:14 
Mikael Granlund          1  0  1   1  2   4  0  0  0  0  7/13   16:58   2:35   0:00 
Nail Yakupov             0  0  0  -2  0   2  1  0  2  0  0/0    10:41   0:00   0:00 
Nate Thompson            0  0  0   0  0   0  1  0  1  0  3/5    12:24   0:00   1:04 
Nathan MacKinnon         0  1  1   0  0   3  0  0  7  0  1/3    19:06   2:47   1:25 
Paul Gaustad             0  0  0  -2  0   1  1  1  0  0  7/12   18:53   2:35   5:27 
Vladimir Tarasenko       0  1  1   2  0   1  1  0  0  0  0/1    14:03   2:47   0:00 

3 Stars

1 - Mark Giordano (Pit)
2 - Mike Smith (Pit)
3 - Rick Nash (StL)

Power Play

Blues - 0 on 4 Attempt(s) - 0.00%
Penguins - 1 on 3 Attempt(s) - 33.33%

Penalty Kill

Blues - 2 on 3 Attempt(s) - 66.67% - Score 0 goal in Penalty Kill
Penguins - 4 on 4 Attempt(s) - 100.00% - Score 0 goal in Penalty Kill

Team Stat

Blues - Hits : 20 - Faceoff Wins : 22 - Blocked Shots : 20 - Penalty Minutes : 6
Penguins - Hits : 13 - Faceoff Wins : 28 - Blocked Shots : 15 - Penalty Minutes : 8

Official

Referees : Unknown
Linesman : Unknown

Game Notes

No Game Note

Finance

Level 1 -- Attendance: 4534 (75.57%) -- Ticket Income $408,060
Level 2 -- Attendance: 4761 (95.22%) -- Ticket Income $252,333
Level 3 -- Attendance: 1829 (91.45%) -- Ticket Income $54,870
Level 4 -- Attendance: 4000 (100.00%) -- Ticket Income $64,000
Luxury Box -- Attendance: 864 (86.40%) -- Ticket Income $154,656
Game was played at the Consol Energy Center'
Total Attendance: 15988 (88.82%)
Total Ticket Income: $933,919
Other Income: $457,620
Total Income: $1,391,539

Blues

5 vs 5 Forward 
   Center                   Left Wing                Right Wing               Time % Phy DF OF 
 1 Sean Couturier           Steve Ott                Rick Nash                35     1   2  2  
 2 Johan Franzen            Artem Anisimov           Brandon Saad             30     1   2  2  
 3 Andrew Desjardins        Tomas Tatar              Cam Atkinson             22     1   2  2  
 4 Anders Lee               Sean Couturier           Joe Vitale               13     1   2  2  

5 vs 5 Defense 
   Defense                  Defense                                           Time % Phy DF OF 
 1 Zdeno Chara              Josh Gorges                                       35     1   2  2  
 2 Bryan Allen              Mark Fayne                                        30     1   2  2  
 3 Kevan Miller             Hampus Lindholm                                   22     1   2  2  
 4 Matt Donovan             Zdeno Chara                                       13     1   2  2  

PowerPlay Forward 
   Center                   Left Wing                Right Wing               Time % Phy DF OF 
 1 Sean Couturier           Steve Ott                Rick Nash                60     1   2  2  
 2 Johan Franzen            Artem Anisimov           Brandon Saad             40     1   2  2  

PowerPlay Defense
   Defense                  Defense                                           Time % Phy DF OF 
 1 Zdeno Chara              Josh Gorges                                       60     1   2  2  
 2 Bryan Allen              Mark Fayne                                        40     1   2  2  

Penalty Kill 4 Players Forward 
   Center                   Wing                     Time % Phy DF OF 
 1 Sean Couturier           Steve Ott                60     1   2  2  
 2 Rick Nash                Johan Franzen            40     1   2  2  

Penalty Kill 4 Players Defense
   Defense                  Defense                  Time % Phy DF OF 
 1 Zdeno Chara              Josh Gorges              60     1   2  2  
 2 Bryan Allen              Mark Fayne               40     1   2  2  

Penalty Kill - 3 Players Forward 
   Forward                                           Time % Phy DF OF 
 1 Sean Couturier                                    60     1   2  2  
 2 Steve Ott                                         40     1   2  2  

Penalty Kill - 3 Players Defense
   Defense                  Defense                  Time % Phy DF OF 
 1 Zdeno Chara              Josh Gorges              60     1   2  2  
 2 Bryan Allen              Mark Fayne               40     1   2  2  

4 vs 4 Forward 
   Center                   Wing                     Time % Phy DF OF 
 1 Sean Couturier           Steve Ott                60     1   2  2  
 2 Rick Nash                Johan Franzen            40     1   2  2  

4 vs 4 Defense
   Defense                  Defense                  Time % Phy DF OF 
 1 Zdeno Chara              Josh Gorges              60     1   2  2  
 2 Bryan Allen              Mark Fayne               40     1   2  2  

Last Minutes Offensive
   Center                   Left Wing                Right Wing               Defense                  Defense                  
   Sean Couturier           Steve Ott                Rick Nash                Zdeno Chara              Josh Gorges              

Last Minutes Defensive
   Center                   Left Wing                Right Wing               Defense                  Defense                  
   Sean Couturier           Steve Ott                Rick Nash                Zdeno Chara              Josh Gorges              

Goaltenders
Starting : Henrik Lundqvist         
Backup : Frederik Andersen        

Extra Forwards
Normal : Tomas Tatar, Cam Atkinson, Andrew Desjardins - PP : Tomas Tatar, Cam Atkinson - PK : Andrew Desjardins
Extra Defensemen
Normal : Kevan Miller, Hampus Lindholm, Matt Donovan - PP : Kevan Miller - PK : Hampus Lindholm, Matt Donovan
Penalty Shots
Sean Couturier, Steve Ott, Rick Nash, Johan Franzen, Artem Anisimov

Penguins

5 vs 5 Forward 
   Center                   Left Wing                Right Wing               Time % Phy DF OF 
 1 David Legwand            Chris Stewart            Nathan MacKinnon         35     0   0  5  
 2 Mikael Granlund          Vladimir Tarasenko       Jarome Iginla            30     0   1  4  
 3 Paul Gaustad             Nail Yakupov             Chris Kelly              22     0   3  2  
 4 Nate Thompson            Marcus Foligno           Luke Glendening          13     2   3  0  

5 vs 5 Defense 
   Defense                  Defense                                           Time % Phy DF OF 
 1 Mark Giordano            Anton Volchenkov                                  40     0   2  3  
 2 Grant Clitsome           Dougie Hamilton                                   35     0   3  2  
 3 Chris Butler             Mark Fraser                                       20     0   4  1  
 4 Mark Giordano            Anton Volchenkov                                  5      0   2  3  

PowerPlay Forward 
   Center                   Left Wing                Right Wing               Time % Phy DF OF 
 1 Mikael Granlund          Paul Gaustad             Jarome Iginla            60     0   0  5  
 2 David Legwand            Vladimir Tarasenko       Nathan MacKinnon         40     0   0  5  

PowerPlay Defense
   Defense                  Defense                                           Time % Phy DF OF 
 1 Mark Giordano            Grant Clitsome                                    60     0   0  5  
 2 Mark Giordano            Chris Butler                                      40     0   1  4  

Penalty Kill 4 Players Forward 
   Center                   Wing                     Time % Phy DF OF 
 1 Paul Gaustad             Jarome Iginla            60     0   5  0  
 2 Nate Thompson            Chris Kelly              40     0   5  0  

Penalty Kill 4 Players Defense
   Defense                  Defense                  Time % Phy DF OF 
 1 Anton Volchenkov         Chris Butler             60     0   5  0  
 2 Mark Fraser              Mark Giordano            40     0   5  0  

Penalty Kill - 3 Players Forward 
   Forward                                           Time % Phy DF OF 
 1 Paul Gaustad                                      60     0   5  0  
 2 Nate Thompson                                     40     0   5  0  

Penalty Kill - 3 Players Defense
   Defense                  Defense                  Time % Phy DF OF 
 1 Anton Volchenkov         Mark Giordano            60     0   5  0  
 2 Chris Butler             Mark Fraser              40     0   5  0  

4 vs 4 Forward 
   Center                   Wing                     Time % Phy DF OF 
 1 Mikael Granlund          Jarome Iginla            60     0   0  5  
 2 David Legwand            Nathan MacKinnon         40     0   1  4  

4 vs 4 Defense
   Defense                  Defense                  Time % Phy DF OF 
 1 Mark Giordano            Grant Clitsome           60     0   1  4  
 2 Chris Butler             Anton Volchenkov         40     0   2  3  

Last Minutes Offensive
   Center                   Left Wing                Right Wing               Defense                  Defense                  
   Mikael Granlund          Chris Stewart            Jarome Iginla            Mark Giordano            Chris Butler             

Last Minutes Defensive
   Center                   Left Wing                Right Wing               Defense                  Defense                  
   Paul Gaustad             Chris Stewart            Jarome Iginla            Mark Giordano            Anton Volchenkov         

Goaltenders
Starting : Mike Smith               
Backup : Alex Stalock             

Extra Forwards
Normal : Nathan MacKinnon, Nail Yakupov, Vladimir Tarasenko - PP : Nathan MacKinnon, Nail Yakupov - PK : Paul Gaustad
Extra Defensemen
Normal : Mark Giordano, Dougie Hamilton, Chris Butler - PP : Dougie Hamilton - PK : Mark Giordano, Dougie Hamilton
Penalty Shots
Paul Gaustad, Jarome Iginla, Nathan MacKinnon, Vladimir Tarasenko, David Legwand

% Time on Ice - Blues

Lines # - Real PCT - Wanted PCT - Time Play
Normal Forward
1 - 25% - 35% - 11:53
2 - 31% - 30% - 14:20
3 - 30% - 22% - 14:01
4 - 14% - 13% - 6:28
Normal Defense
1 - 29% - 35% - 13:25
2 - 37% - 30% - 17:03
3 - 26% - 22% - 12:01
4 - 9% - 13% - 4:13
PP Forward
1 - 53% - 60% - 4:14
2 - 47% - 40% - 3:42
PP Defense
1 - 58% - 60% - 4:38
2 - 42% - 40% - 3:18
PK Forward
1 - 72% - 60% - 3:53
2 - 28% - 40% - 1:29
PK Defense
1 - 59% - 60% - 3:10
2 - 41% - 40% - 2:12
PK3 Forward
1 - 0% - 60%
2 - 0% - 40%
PK3 Defense
1 - 0% - 60%
2 - 0% - 40%
44 Forward
1 - 82% - 60% - 3:08
2 - 18% - 40% - 0:42
44 Defense
1 - 44% - 60% - 1:41
2 - 56% - 40% - 2:09
Last Minute Offensive  - 0:00
Last Minute Defensive  - 0:00
Total
Forward - 63:50
Defense - 63:50

% Time on Ice - Penguins

Lines # - Real PCT - Wanted PCT - Time Play
Normal Forward
1 - 32% - 35% - 14:58
2 - 26% - 30% - 12:12
3 - 20% - 22% - 9:31
4 - 21% - 13% - 10:01
Normal Defense
1 - 33% - 40% - 15:38
2 - 41% - 35% - 19:21
3 - 25% - 20% - 11:43
4 - 0% - 5% - 0:00
PP Forward
1 - 48% - 60% - 2:35
2 - 52% - 40% - 2:47
PP Defense
1 - 61% - 60% - 3:17
2 - 39% - 40% - 2:05
PK Forward
1 - 87% - 60% - 6:52
2 - 13% - 40% - 1:04
PK Defense
1 - 58% - 60% - 4:36
2 - 42% - 40% - 3:20
PK3 Forward
1 - 0% - 60%
2 - 0% - 40%
PK3 Defense
1 - 0% - 60%
2 - 0% - 40%
44 Forward
1 - 100% - 60% - 3:50
2 - 0% - 40% - 0:00
44 Defense
1 - 54% - 60% - 2:04
2 - 46% - 40% - 1:46
Last Minute Offensive  - 0:00
Last Minute Defensive  - 0:00
Total
Forward - 63:50
Defense - 63:50

Play by Play

1st period


0:01 of 1st period - Sean Couturier wins face-off versus Nathan MacKinnon in neutral zone.
0:22 of 1st period - Snap shot by Steve Ott.
0:22 of 1st period - Shot Misses the Net.
0:24 of 1st period - Snap shot by Steve Ott.
0:24 of 1st period - Shot Misses the Net.
0:36 of 1st period - Wrist shot by Nathan MacKinnon.
0:36 of 1st period - Stopped by Henrik Lundqvist without a rebound.
0:37 of 1st period - Mikael Granlund wins face-off versus Johan Franzen in Blues zone.
0:38 of 1st period - Slapshot by Jarome Iginla.
0:38 of 1st period - Deflect By Mikael Granlund.
0:38 of 1st period - Stopped by Henrik Lundqvist with a rebound.
0:51 of 1st period - Slapshot by Mark Fayne.
0:51 of 1st period - Stopped by Mike Smith without a rebound.
0:52 of 1st period - Johan Franzen wins face-off versus Mikael Granlund in Penguins zone.
1:09 of 1st period - Wrist shot by Johan Franzen.
1:09 of 1st period - Stopped by Mike Smith with a rebound.
1:19 of 1st period - Wrist shot by Johan Franzen.
1:19 of 1st period - Shot Misses the Net.
1:21 of 1st period - Wrist shot by Mark Fayne.
1:21 of 1st period - Stopped by Mike Smith with a rebound.
1:23 of 1st period - Slapshot by Bryan Allen.
1:23 of 1st period - Stopped by Mike Smith with a rebound.
1:29 of 1st period - Minor Penalty to Mikael Granlund for Tripping.
1:30 of 1st period - Paul Gaustad wins face-off versus Sean Couturier in Penguins zone.
1:43 of 1st period - Snap shot by Steve Ott.
1:43 of 1st period - Shot Misses the Net.
1:45 of 1st period - Wrist shot by Steve Ott.
1:45 of 1st period - Shot Misses the Net.
1:47 of 1st period - Snap shot by Steve Ott.
1:47 of 1st period - Stopped by Mike Smith with a rebound.
1:53 of 1st period - Snap shot by Rick Nash.
1:53 of 1st period - Stopped by Mike Smith with a rebound.
1:55 of 1st period - Slapshot by Zdeno Chara.
1:55 of 1st period - Stopped by Mike Smith with a rebound.
3:29 of 1st period - Penalty to Mikael Granlund is over, Mikael Granlund is back on ice.
3:39 of 1st period - Mark Fayne is hit by Chris Stewart and loses puck.
3:50 of 1st period - Snap shot by Nathan MacKinnon.
3:50 of 1st period - Shot Misses the Net.
4:00 of 1st period - Slapshot by David Legwand.
4:00 of 1st period - Shot Misses the Net.
4:30 of 1st period - Slapshot by Hampus Lindholm.
4:30 of 1st period - Deflect By Anders Lee.
4:30 of 1st period - Stopped by Mike Smith with a rebound.
4:42 of 1st period - Slapshot by Hampus Lindholm.
4:42 of 1st period - Shot Misses the Net.
4:56 of 1st period - Rick Nash is hit by Dougie Hamilton and loses puck.
5:22 of 1st period - Slapshot by Cam Atkinson.
5:22 of 1st period - Shot Misses the Net.
5:24 of 1st period - Wrist shot by Zdeno Chara.
5:24 of 1st period - Deflect By Tomas Tatar.
5:24 of 1st period - Shot Misses the Net.
5:24 of 1st period - Puck is out of play.
5:25 of 1st period - Mikael Granlund wins face-off versus Andrew Desjardins in Penguins zone.
5:43 of 1st period - Jarome Iginla is hit by Artem Anisimov and loses puck.
6:00 of 1st period - Wrist shot by Brandon Saad.
6:00 of 1st period - Shot Blocked by Anton Volchenkov.
6:25 of 1st period - Snap shot by Hampus Lindholm.
6:25 of 1st period - Deflect By Anders Lee.
6:25 of 1st period - Shot Misses the Net.
6:25 of 1st period - Puck is out of play.
6:26 of 1st period - Joe Vitale wins face-off versus Nate Thompson in Penguins zone.
6:55 of 1st period - Luke Glendening is hit by Andrew Desjardins and loses puck.
7:43 of 1st period - Off-side.
7:44 of 1st period - David Legwand wins face-off versus Sean Couturier in neutral zone.
8:15 of 1st period - Slapshot by David Legwand.
8:15 of 1st period - Shot Blocked by Steve Ott.
8:27 of 1st period - Mark Fayne is hit by Chris Stewart and loses puck.
8:47 of 1st period - Wrist shot by Mikael Granlund.
8:47 of 1st period - Goal by Mikael Granlund - Blues : 0 - Penguins : 1.
8:48 of 1st period - Paul Gaustad wins face-off versus Johan Franzen in neutral zone.
9:46 of 1st period - Anton Volchenkov is hit by Josh Gorges and loses puck.
10:05 of 1st period - Snap shot by Tomas Tatar.
10:05 of 1st period - Shot Misses the Net.
10:15 of 1st period - Wrist shot by Rick Nash.
10:15 of 1st period - Shot Misses the Net.
10:17 of 1st period - Slapshot by Kevan Miller.
10:17 of 1st period - Stopped by Mike Smith without a rebound.
10:18 of 1st period - Sean Couturier wins face-off versus David Legwand in Penguins zone.
10:19 of 1st period - Wrist shot by Rick Nash.
10:19 of 1st period - Shot Misses the Net.
10:49 of 1st period - Wrist shot by Nathan MacKinnon.
10:49 of 1st period - Shot Blocked by Bryan Allen.
10:51 of 1st period - Slapshot by Chris Butler.
10:51 of 1st period - Stopped by Henrik Lundqvist with a rebound.
10:53 of 1st period - Slapshot by Chris Butler.
10:53 of 1st period - Stopped by Henrik Lundqvist without a rebound.
10:54 of 1st period - Johan Franzen wins face-off versus Nate Thompson in Blues zone.
11:49 of 1st period - Vladimir Tarasenko is hit by Zdeno Chara and loses puck.
12:09 of 1st period - Snap shot by Jarome Iginla.
12:09 of 1st period - Shot Misses the Net.
12:11 of 1st period - Slapshot by Anton Volchenkov.
12:11 of 1st period - Stopped by Henrik Lundqvist with a rebound.
12:13 of 1st period - Slapshot by Mark Giordano.
12:13 of 1st period - Stopped by Henrik Lundqvist with a rebound.
12:15 of 1st period - Slapshot by Anton Volchenkov.
12:15 of 1st period - Stopped by Henrik Lundqvist with a rebound.
12:27 of 1st period - Minor Penalty to Zdeno Chara for Holding.
12:28 of 1st period - David Legwand wins face-off versus Sean Couturier in Blues zone.
13:31 of 1st period - Slapshot by Mikael Granlund.
13:31 of 1st period - Shot Misses the Net.
13:49 of 1st period - Snap shot by Nathan MacKinnon.
13:49 of 1st period - Shot Blocked by Josh Gorges.
13:51 of 1st period - Slapshot by Mark Giordano.
13:51 of 1st period - Goal by Mark Giordano - Blues : 0 - Penguins : 2.
13:52 of 1st period - Paul Gaustad wins face-off versus Brandon Saad in neutral zone.
14:01 of 1st period - Chris Kelly is hit by Johan Franzen and loses puck.
14:15 of 1st period - Minor Penalty to Zdeno Chara for Hooking.
14:16 of 1st period - Sean Couturier wins face-off versus Mikael Granlund in Blues zone.
15:12 of 1st period - Slapshot by Nathan MacKinnon.
15:12 of 1st period - Stopped by Henrik Lundqvist without a rebound.
15:13 of 1st period - David Legwand wins face-off versus Sean Couturier in Blues zone.
15:18 of 1st period - Wrist shot by Vladimir Tarasenko.
15:18 of 1st period - Deflect By David Legwand.
15:18 of 1st period - Shot Misses the Net.
15:18 of 1st period - Puck is out of play.
15:19 of 1st period - David Legwand wins face-off versus Sean Couturier in Blues zone.
15:28 of 1st period - Snap shot by Nathan MacKinnon.
15:28 of 1st period - Shot Misses the Net.
15:30 of 1st period - Slapshot by Mark Giordano.
15:30 of 1st period - Shot Blocked by Steve Ott.
15:32 of 1st period - Backhand shot by Vladimir Tarasenko.
15:32 of 1st period - Shot Blocked by Bryan Allen.
15:34 of 1st period - Slapshot by Grant Clitsome.
15:34 of 1st period - Stopped by Henrik Lundqvist with a rebound.
16:08 of 1st period - Andrew Desjardins is hit by Paul Gaustad and loses puck.
16:15 of 1st period - Penalty to Zdeno Chara is over, Zdeno Chara is back on ice.
16:58 of 1st period - Mark Giordano is hit by Josh Gorges and loses puck.
18:26 of 1st period - Icing by Bryan Allen.
18:27 of 1st period - David Legwand wins face-off versus Anders Lee in Blues zone.
18:47 of 1st period - Mark Fayne is hit by Mark Fraser and loses puck.
19:47 of 1st period - Snap shot by Nail Yakupov.
19:47 of 1st period - Shot Blocked by Zdeno Chara.
19:49 of 1st period - Slapshot by Paul Gaustad.
19:49 of 1st period - Stopped by Henrik Lundqvist with a rebound.
19:51 of 1st period - Slapshot by Anton Volchenkov.
19:51 of 1st period - Shot Misses the Net.
19:53 of 1st period - Snap shot by Chris Kelly.
19:53 of 1st period - Shot Misses the Net.
Goals for this period are 0 for Blues vs 2 for Penguins.
Shots for this period are 9 for Blues vs 12 for Penguins.

2nd period


0:01 of 2nd period - Mikael Granlund wins face-off versus Sean Couturier in neutral zone.
0:04 of 2nd period - Josh Gorges is hit by Jarome Iginla and loses puck.
0:17 of 2nd period - Snap shot by Jarome Iginla.
0:17 of 2nd period - Shot Blocked by Steve Ott.
0:34 of 2nd period - Slapshot by Mikael Granlund.
0:34 of 2nd period - Shot Misses the Net.
0:48 of 2nd period - Wrist shot by Nail Yakupov.
0:48 of 2nd period - Stopped by Henrik Lundqvist without a rebound.
0:49 of 2nd period - Brandon Saad wins face-off versus Paul Gaustad in Blues zone.
1:04 of 2nd period - Snap shot by Johan Franzen.
1:04 of 2nd period - Stopped by Mike Smith without a rebound.
1:05 of 2nd period - Andrew Desjardins wins face-off versus David Legwand in Penguins zone.
1:56 of 2nd period - Chris Butler is hit by Sean Couturier and loses puck.
2:03 of 2nd period - Chris Kelly is hit by Steve Ott and loses puck.
2:16 of 2nd period - Anton Volchenkov is hit by Mark Fayne and loses puck.
2:27 of 2nd period - Snap shot by Nail Yakupov.
2:27 of 2nd period - Shot Blocked by Bryan Allen.
5:14 of 2nd period - Slapshot by Hampus Lindholm.
5:14 of 2nd period - Stopped by Mike Smith without a rebound.
5:15 of 2nd period - Mikael Granlund wins face-off versus Anders Lee in Penguins zone.
5:36 of 2nd period - Cam Atkinson is hit by Mark Giordano and loses puck.
6:03 of 2nd period - Slapshot by Johan Franzen.
6:03 of 2nd period - Stopped by Mike Smith with a rebound.
7:49 of 2nd period - Snap shot by Kevan Miller.
7:49 of 2nd period - Shot Blocked by Paul Gaustad.
7:51 of 2nd period - Snap shot by Kevan Miller.
7:51 of 2nd period - Deflect By Chris Butler.
7:51 of 2nd period - Stopped by Mike Smith with a rebound.
7:53 of 2nd period - Snap shot by Hampus Lindholm.
7:53 of 2nd period - Goal by Hampus Lindholm - Blues : 1 - Penguins : 2.
7:54 of 2nd period - Paul Gaustad wins face-off versus Rick Nash in neutral zone.
7:59 of 2nd period - Slapshot by Mark Giordano.
7:59 of 2nd period - Shot Blocked by Bryan Allen.
8:01 of 2nd period - Snap shot by Anton Volchenkov.
8:01 of 2nd period - Deflect By Nail Yakupov.
8:01 of 2nd period - Deflect By Rick Nash.
8:01 of 2nd period - Shot Misses the Net.
8:01 of 2nd period - Puck is out of play.
8:02 of 2nd period - Paul Gaustad wins face-off versus Sean Couturier in Blues zone.
8:30 of 2nd period - Slapshot by Mark Giordano.
8:30 of 2nd period - Stopped by Henrik Lundqvist with a rebound.
9:18 of 2nd period - Snap shot by Jarome Iginla.
9:18 of 2nd period - Shot Blocked by Mark Fayne.
9:55 of 2nd period - Slapshot by Chris Stewart.
9:55 of 2nd period - Deflect By Nathan MacKinnon.
9:55 of 2nd period - Stopped by Henrik Lundqvist without a rebound.
9:56 of 2nd period - Nate Thompson wins face-off versus Johan Franzen in Blues zone.
10:04 of 2nd period - Minor Penalty to Zdeno Chara for Hooking.
10:05 of 2nd period - Mikael Granlund wins face-off versus Andrew Desjardins in Blues zone.
10:19 of 2nd period - Wrist shot by Jarome Iginla.
10:19 of 2nd period - Shot Misses the Net.
10:21 of 2nd period - Wrist shot by Mikael Granlund.
10:21 of 2nd period - Stopped by Henrik Lundqvist with a rebound.
10:23 of 2nd period - Slapshot by Mark Giordano.
10:23 of 2nd period - Shot Misses the Net.
10:25 of 2nd period - Snap shot by Mikael Granlund.
10:25 of 2nd period - Stopped by Henrik Lundqvist without a rebound.
10:26 of 2nd period - David Legwand wins face-off versus Andrew Desjardins in Blues zone.
10:59 of 2nd period - Wrist shot by Vladimir Tarasenko.
10:59 of 2nd period - Stopped by Henrik Lundqvist with a rebound.
11:01 of 2nd period - Slapshot by Grant Clitsome.
11:01 of 2nd period - Shot Blocked by Josh Gorges.
11:21 of 2nd period - Josh Gorges is hit by Jarome Iginla and loses puck.
11:38 of 2nd period - Snap shot by Mikael Granlund.
11:38 of 2nd period - Shot Blocked by Johan Franzen.
11:40 of 2nd period - Snap shot by Paul Gaustad.
11:40 of 2nd period - Shot Blocked by Josh Gorges.
11:42 of 2nd period - Slapshot by Jarome Iginla.
11:42 of 2nd period - Shot Blocked by Josh Gorges.
11:44 of 2nd period - Slapshot by Chris Butler.
11:44 of 2nd period - Stopped by Henrik Lundqvist with a rebound.
12:04 of 2nd period - Penalty to Zdeno Chara is over, Zdeno Chara is back on ice.
12:24 of 2nd period - Wrist shot by Johan Franzen.
12:24 of 2nd period - Deflect By Artem Anisimov.
12:24 of 2nd period - Stopped by Mike Smith with a rebound.
12:26 of 2nd period - Backhand shot by Artem Anisimov.
12:26 of 2nd period - Stopped by Mike Smith with a rebound.
13:16 of 2nd period - Slapshot by Dougie Hamilton.
13:16 of 2nd period - Shot Blocked by Tomas Tatar.
13:18 of 2nd period - Snap shot by Paul Gaustad.
13:18 of 2nd period - Shot Misses the Net.
13:50 of 2nd period - Anders Lee is hit by Vladimir Tarasenko and loses puck.
13:57 of 2nd period - Slapshot by Hampus Lindholm.
13:57 of 2nd period - Stopped by Mike Smith without a rebound.
13:58 of 2nd period - David Legwand wins face-off versus Anders Lee in Penguins zone.
13:58 of 2nd period - David Legwand is hit by Joe Vitale.
14:23 of 2nd period - Wrist shot by David Legwand.
14:23 of 2nd period - Shot Misses the Net.
15:14 of 2nd period - Icing by Paul Gaustad.
15:15 of 2nd period - Nate Thompson wins face-off versus Johan Franzen in Penguins zone.
15:25 of 2nd period - Minor Penalty to Mark Fraser for Interference.
15:26 of 2nd period - Sean Couturier wins face-off versus Paul Gaustad in Penguins zone.
15:42 of 2nd period - Snap shot by Rick Nash.
15:42 of 2nd period - Shot Misses the Net.
15:44 of 2nd period - Slapshot by Zdeno Chara.
15:44 of 2nd period - Stopped by Mike Smith without a rebound.
15:45 of 2nd period - Paul Gaustad wins face-off versus Sean Couturier in Penguins zone.
16:42 of 2nd period - Jarome Iginla is hit by Steve Ott and loses puck.
17:25 of 2nd period - Penalty to Mark Fraser is over, Mark Fraser is back on ice.
17:25 of 2nd period - Wrist shot by Nathan MacKinnon.
17:25 of 2nd period - Shot Misses the Net.
18:06 of 2nd period - Slapshot by Mark Giordano.
18:06 of 2nd period - Stopped by Henrik Lundqvist with a rebound.
19:32 of 2nd period - Snap shot by Artem Anisimov.
19:32 of 2nd period - Shot Misses the Net.
19:34 of 2nd period - Slapshot by Josh Gorges.
19:34 of 2nd period - Shot Blocked by Mark Giordano.
19:36 of 2nd period - Slapshot by Zdeno Chara.
19:36 of 2nd period - Stopped by Mike Smith with a rebound.
19:38 of 2nd period - Wrist shot by Brandon Saad.
19:38 of 2nd period - Shot Blocked by Mark Giordano.
19:55 of 2nd period - Luke Glendening is hit by Steve Ott and loses puck.
Goals for this period are 1 for Blues vs 0 for Penguins.
Shots for this period are 10 for Blues vs 8 for Penguins.

3rd period


0:01 of 3rd period - Jarome Iginla wins face-off versus Sean Couturier in neutral zone.
0:11 of 3rd period - Minor Penalty to Mark Giordano for Slashing.
0:12 of 3rd period - Sean Couturier wins face-off versus Paul Gaustad in Penguins zone.
0:22 of 3rd period - Paul Gaustad is hit by Steve Ott and loses puck.
0:27 of 3rd period - Snap shot by Rick Nash.
0:27 of 3rd period - Stopped by Mike Smith with a rebound.
0:29 of 3rd period - Slapshot by Zdeno Chara.
0:29 of 3rd period - Shot Misses the Net.
1:15 of 3rd period - Icing by Josh Gorges.
1:16 of 3rd period - Johan Franzen wins face-off versus Paul Gaustad in Blues zone.
1:21 of 3rd period - Mark Fraser is hit by Johan Franzen and loses puck.
2:11 of 3rd period - Penalty to Mark Giordano is over, Mark Giordano is back on ice.
2:26 of 3rd period - Wrist shot by Tomas Tatar.
2:26 of 3rd period - Shot Misses the Net.
2:28 of 3rd period - Snap shot by Andrew Desjardins.
2:28 of 3rd period - Shot Misses the Net.
2:38 of 3rd period - Slapshot by Cam Atkinson.
2:38 of 3rd period - Shot Blocked by Mark Fraser.
2:40 of 3rd period - Snap shot by Kevan Miller.
2:40 of 3rd period - Shot Blocked by Mark Giordano.
3:06 of 3rd period - Wrist shot by Joe Vitale.
3:06 of 3rd period - Deflect By Anders Lee.
3:06 of 3rd period - Stopped by Mike Smith with a rebound.
3:08 of 3rd period - Snap shot by Josh Gorges.
3:08 of 3rd period - Shot Misses the Net.
3:10 of 3rd period - Slapshot by Josh Gorges.
3:10 of 3rd period - Stopped by Mike Smith with a rebound.
3:16 of 3rd period - Wrist shot by Joe Vitale.
3:16 of 3rd period - Stopped by Mike Smith with a rebound.
4:44 of 3rd period - Wrist shot by Tomas Tatar.
4:44 of 3rd period - Shot Blocked by Marcus Foligno.
4:46 of 3rd period - Backhand shot by Hampus Lindholm.
4:46 of 3rd period - Deflect By Cam Atkinson.
4:46 of 3rd period - Stopped by Mike Smith with a rebound.
4:48 of 3rd period - Wrist shot by Kevan Miller.
4:48 of 3rd period - Deflect By Tomas Tatar.
4:48 of 3rd period - Shot Blocked by Grant Clitsome.
4:48 of 3rd period - Puck is out of play.
4:49 of 3rd period - Nate Thompson wins face-off versus Andrew Desjardins in Penguins zone.
5:53 of 3rd period - Snap shot by David Legwand.
5:53 of 3rd period - Shot Misses the Net.
5:55 of 3rd period - Slapshot by Anton Volchenkov.
5:55 of 3rd period - Stopped by Henrik Lundqvist with a rebound.
5:57 of 3rd period - Slapshot by Mark Giordano.
5:57 of 3rd period - Shot Blocked by Zdeno Chara.
5:59 of 3rd period - Backhand shot by Anton Volchenkov.
5:59 of 3rd period - Stopped by Henrik Lundqvist with a rebound.
6:01 of 3rd period - Snap shot by David Legwand.
6:01 of 3rd period - Deflect By Nathan MacKinnon.
6:01 of 3rd period - Shot Misses the Net.
6:01 of 3rd period - Puck is out of play.
6:02 of 3rd period - Andrew Desjardins wins face-off versus Jarome Iginla in Blues zone.
7:39 of 3rd period - Artem Anisimov is hit by Nail Yakupov and loses puck.
7:51 of 3rd period - Icing by Zdeno Chara.
7:52 of 3rd period - Johan Franzen wins face-off versus Vladimir Tarasenko in Blues zone.
8:21 of 3rd period - Anton Volchenkov is hit by Steve Ott.
9:02 of 3rd period - Mark Giordano is hit by Tomas Tatar and loses puck.
9:33 of 3rd period - Snap shot by Anders Lee.
9:33 of 3rd period - Shot Misses the Net.
9:35 of 3rd period - Snap shot by Josh Gorges.
9:35 of 3rd period - Shot Blocked by Chris Butler.
9:46 of 3rd period - Off-side.
9:47 of 3rd period - Andrew Desjardins wins face-off versus Mikael Granlund in neutral zone.
10:33 of 3rd period - Chris Butler is hit by Sean Couturier and loses puck.
10:48 of 3rd period - Bryan Allen is hit by Mark Fraser and loses puck.
11:01 of 3rd period - Bryan Allen is hit by Nate Thompson and loses puck.
11:10 of 3rd period - Slapshot by Dougie Hamilton.
11:10 of 3rd period - Stopped by Henrik Lundqvist with a rebound.
11:26 of 3rd period - Slapshot by Mark Giordano.
11:26 of 3rd period - Shot Blocked by Mark Fayne.
11:28 of 3rd period - Snap shot by Luke Glendening.
11:28 of 3rd period - Stopped by Henrik Lundqvist without a rebound.
11:29 of 3rd period - Johan Franzen wins face-off versus Mikael Granlund in Blues zone.
11:47 of 3rd period - Slapshot by Kevan Miller.
11:47 of 3rd period - Shot Blocked by Mark Giordano.
11:49 of 3rd period - Snap shot by Johan Franzen.
11:49 of 3rd period - Shot Blocked by Mark Giordano.
11:51 of 3rd period - Slapshot by Kevan Miller.
11:51 of 3rd period - Stopped by Mike Smith without a rebound.
11:52 of 3rd period - Sean Couturier wins face-off versus Paul Gaustad in Penguins zone.
11:53 of 3rd period - Snap shot by Rick Nash.
11:53 of 3rd period - Goal by Rick Nash - Blues : 2 - Penguins : 2.
11:54 of 3rd period - Johan Franzen wins face-off versus Chris Stewart in neutral zone.
12:01 of 3rd period - Wrist shot by Brandon Saad.
12:01 of 3rd period - Shot Misses the Net.
12:09 of 3rd period - Snap shot by David Legwand.
12:09 of 3rd period - Shot Misses the Net.
12:11 of 3rd period - Slapshot by Grant Clitsome.
12:11 of 3rd period - Shot Misses the Net.
12:13 of 3rd period - Wrist shot by David Legwand.
12:13 of 3rd period - Stopped by Henrik Lundqvist with a rebound.
12:27 of 3rd period - Wrist shot by Artem Anisimov.
12:27 of 3rd period - Stopped by Mike Smith with a rebound.
12:48 of 3rd period - Mikael Granlund is hit by Rick Nash and loses puck.
13:15 of 3rd period - Minor Penalty to Dougie Hamilton for Holding.
13:16 of 3rd period - Paul Gaustad wins face-off versus Johan Franzen in Penguins zone.
13:25 of 3rd period - Slapshot by Artem Anisimov.
13:25 of 3rd period - Deflect By Johan Franzen.
13:25 of 3rd period - Stopped by Mike Smith with a rebound.
13:55 of 3rd period - Snap shot by Rick Nash.
13:55 of 3rd period - Shot Misses the Net.
13:57 of 3rd period - Slapshot by Mark Fayne.
13:57 of 3rd period - Stopped by Mike Smith without a rebound.
13:58 of 3rd period - Jarome Iginla wins face-off versus Sean Couturier in Penguins zone.
14:57 of 3rd period - Slapshot by Johan Franzen.
14:57 of 3rd period - Stopped by Mike Smith with a rebound.
14:59 of 3rd period - Snap shot by Bryan Allen.
14:59 of 3rd period - Stopped by Mike Smith with a rebound.
15:01 of 3rd period - Slapshot by Bryan Allen.
15:01 of 3rd period - Stopped by Mike Smith without a rebound.
15:02 of 3rd period - Nathan MacKinnon wins face-off versus Johan Franzen in Penguins zone.
15:15 of 3rd period - Penalty to Dougie Hamilton is over, Dougie Hamilton is back on ice.
15:44 of 3rd period - Snap shot by Tomas Tatar.
15:44 of 3rd period - Stopped by Mike Smith without a rebound.
15:45 of 3rd period - Sean Couturier wins face-off versus David Legwand in Penguins zone.
16:36 of 3rd period - Slapshot by Nail Yakupov.
16:36 of 3rd period - Stopped by Henrik Lundqvist with a rebound.
16:38 of 3rd period - Snap shot by Chris Kelly.
16:38 of 3rd period - Shot Misses the Net.
16:49 of 3rd period - Slapshot by Mark Giordano.
16:49 of 3rd period - Stopped by Henrik Lundqvist with a rebound.
16:51 of 3rd period - Slapshot by Anton Volchenkov.
16:51 of 3rd period - Shot Blocked by Hampus Lindholm.
17:13 of 3rd period - Wrist shot by Mark Giordano.
17:13 of 3rd period - Shot Misses the Net.
17:25 of 3rd period - Zdeno Chara is hit by Marcus Foligno and loses puck.
17:39 of 3rd period - Slapshot by Artem Anisimov.
17:39 of 3rd period - Shot Misses the Net.
17:41 of 3rd period - Snap shot by Brandon Saad.
17:41 of 3rd period - Shot Misses the Net.
17:43 of 3rd period - Snap shot by Artem Anisimov.
17:43 of 3rd period - Stopped by Mike Smith with a rebound.
17:51 of 3rd period - Snap shot by Johan Franzen.
17:51 of 3rd period - Shot Misses the Net.
17:53 of 3rd period - Snap shot by Josh Gorges.
17:53 of 3rd period - Shot Blocked by Mark Giordano.
18:07 of 3rd period - Snap shot by Rick Nash.
18:07 of 3rd period - Stopped by Mike Smith without a rebound.
18:08 of 3rd period - Sean Couturier wins face-off versus David Legwand in Penguins zone.
18:09 of 3rd period - Snap shot by Rick Nash.
18:09 of 3rd period - Stopped by Mike Smith without a rebound.
18:10 of 3rd period - Sean Couturier wins face-off versus Nathan MacKinnon in Penguins zone.
18:13 of 3rd period - Snap shot by Steve Ott.
18:13 of 3rd period - Stopped by Mike Smith with a rebound.
18:33 of 3rd period - Wrist shot by David Legwand.
18:33 of 3rd period - Shot Blocked by Bryan Allen.
18:35 of 3rd period - Slapshot by Grant Clitsome.
18:35 of 3rd period - Stopped by Henrik Lundqvist without a rebound.
18:36 of 3rd period - Mikael Granlund wins face-off versus Johan Franzen in Blues zone.
18:51 of 3rd period - Wrist shot by Jarome Iginla.
18:51 of 3rd period - Stopped by Henrik Lundqvist with a rebound.
19:07 of 3rd period - Snap shot by Artem Anisimov.
19:07 of 3rd period - Shot Blocked by Mark Fraser.
19:09 of 3rd period - Slapshot by Zdeno Chara.
19:09 of 3rd period - Deflect By Brandon Saad.
19:09 of 3rd period - Shot Misses the Net.
19:09 of 3rd period - Puck is out of play.
19:10 of 3rd period - David Legwand wins face-off versus Sean Couturier in Penguins zone.
Goals for this period are 1 for Blues vs 0 for Penguins.
Shots for this period are 18 for Blues vs 9 for Penguins.

Overtime #1


0:01 of 1st overtime period - Mikael Granlund wins face-off versus Steve Ott in neutral zone.
0:25 of 1st overtime period - Wrist shot by Jarome Iginla.
0:25 of 1st overtime period - Shot Misses the Net.
0:27 of 1st overtime period - Slapshot by Grant Clitsome.
0:27 of 1st overtime period - Stopped by Henrik Lundqvist with a rebound.
0:29 of 1st overtime period - Slapshot by Mark Giordano.
0:29 of 1st overtime period - Stopped by Henrik Lundqvist without a rebound.
0:30 of 1st overtime period - Sean Couturier wins face-off versus Mikael Granlund in Blues zone.
0:37 of 1st overtime period - Snap shot by Mark Fayne.
0:37 of 1st overtime period - Shot Blocked by Anton Volchenkov.
0:39 of 1st overtime period - Slapshot by Mark Fayne.
0:39 of 1st overtime period - Shot Blocked by Anton Volchenkov.
0:41 of 1st overtime period - Snap shot by Bryan Allen.
0:41 of 1st overtime period - Stopped by Mike Smith without a rebound.
0:42 of 1st overtime period - Sean Couturier wins face-off versus Mikael Granlund in Penguins zone.
0:53 of 1st overtime period - Anton Volchenkov is hit by Mark Fayne and loses puck.
1:18 of 1st overtime period - Snap shot by Jarome Iginla.
1:18 of 1st overtime period - Shot Misses the Net.
3:41 of 1st overtime period - Mark Giordano is hit by Josh Gorges and loses puck.
3:48 of 1st overtime period - Wrist shot by Vladimir Tarasenko.
3:48 of 1st overtime period - Shot Blocked by Zdeno Chara.
3:50 of 1st overtime period - Wrist shot by Chris Kelly.
3:50 of 1st overtime period - Goal by Chris Kelly - Blues : 2 - Penguins : 3.
Goals for this period are 0 for Blues vs 1 for Penguins.
Shots for this period are 1 for Blues vs 3 for Penguins.


Output by the SimonT Hockey Simulator (STHS) for Eric Dolegowski -- Original Page W3C XHTML 1.0 Valid
Hockey Simulator - Hockey Simulation - Hockey Manager